[Event "Early-Titled-Tuesday-Blitz-September-12-2023"]
[Site "Chess.com"]
[Date "2023.09.12"]
[Round "1"]
[White "wild3000"]
[Black "DmitryMaximov"]
[Result "0-1"]
[WhiteElo "2418"]
[BlackElo "2742"]
[TimeControl "180+1"]
[EndTime "8:05:57 PDT"]
[Termination "DmitryMaximov won by resignation"]

1. d4 Nf6 2. Nf3 g6 3. e3 Bg7 4. Be2 d6 5. O-O Nfd7 6. b3 e5 7. Bb2 Nc6 8. c4 O-O 9. Nc3 f5 10. dxe5 dxe5 11. e4 f4 12. Nd5 Kh8 13. b4 Ncb8 14.
Qb3 c6 15. Nc3 Qe7 16. Rfd1 Nb6 17. a4 Be6 18. a5 Nc8 19. Na4 Nd7 20. Nc5 Nxc5 21.
bxc5 Bg8 22. Bc3 g5 23. Qb2 Re8 24. h3 Qxc5 25. Qxb7 Nd6 26. Qc7 Nxe4 27. Bb2 Qxf2+ 28. Kh2 g4 29. hxg4 Re6 30. g5 Nxg5 31. Nxg5 Rh6+ 32. Nh3 Rxh3+ 0-1

[Event "Early-Titled-Tuesday-Blitz-September-12-2023"]
[Site "Chess.com"]
[Date "2023.09.12"]
[Round "1"]
[White "Parhamov"]
[Black "Djager97"]
[Result "1-0"]
[WhiteElo "3106"]
[BlackElo "2534"]
[TimeControl "180+1"]
[EndTime "8:05:58 PDT"]
[Termination "Parhamov won by resignation"]

1. d4 d5 2. c4 e6 3. Nc3 c6 4.
e4 Bb4 5. cxd5 exd5 6. e5 Ne7 7. Bd3 c5 8. a3 Bxc3+ 9. bxc3 Nbc6 10. Ne2 Bf5 11. O-O Qd7 12. a4 O-O 13. Ba3 cxd4 14.
cxd4 Rfc8 15. Ng3 Bxd3 16. Qxd3 Na5 17. f4 Rc4 18. f5 Rac8 19. e6 fxe6 20. fxe6 Qxe6 21.
Rae1 Qg6 22. Qf3 Rc3 23. Qf4 Rxa3 24. Rxe7 Nc6 25. Nf5 Rf8 26. Nh6+ 1-0

[Event "Early-Titled-Tuesday-Blitz-September-12-2023"]
[Site "Chess.com"]
[Date "2023.09.12"]
[Round "1"]
[White "nitpicker"]
[Black "AlleyOoper"]
[Result "0-1"]
[WhiteElo "2296"]
[BlackElo "2612"]
[TimeControl "180+1"]
[EndTime "8:05:58 PDT"]
[Termination "AlleyOoper won by resignation"]

1. d4 Nf6 2. c4 c5 3. d5 g6 4. Nc3 Bg7 5. Nf3 d6 6. g3 O-O 7. Bg2 e6 8. O-O exd5 9. cxd5 Re8 10. Nd2 Nbd7 11. a4 Nh5 12. e4 a6 13. h3 Ne5 14. Kh2 Nd3 15. Nc4 Nxc1 16. Rxc1 b6 17. Qd2 Rb8 18. g4 b5 19. gxh5 bxc4 20. f4 Qh4 21.
hxg6 hxg6 22. Qf2 Qxf2 23. Rxf2 Bd4 24. Re2 f5 25. Rce1 Rxb2 26. Rxb2 Bxc3 27. Rbe2 Bxe1 28.
Rxe1 fxe4 29. Rc1 e3 30. Bf3 Bf5 31. Kg2 Bd3 32. Bg4 Re4 33. Kg3 e2 34. Be6+ Kg7 35.
Re1 c3 0-1

[Event "Early-Titled-Tuesday-Blitz-September-12-2023"]
[Site "Chess.com"]
[Date "2023.09.12"]
[Round "1"]
[White "temus_galaktionov"]
[Black "sjoerd893"]
[Result "1-0"]
[WhiteElo "2829"]
[BlackElo "2465"]
[TimeControl "180+1"]
[EndTime "8:06:00 PDT"]
[Termination "temus_galaktionov won by resignation"]

1. d4 d5 2. Nf3 Nf6 3. c4 c6 4.
Qb3 Nbd7 5. Nc3 e6 6. Bg5 h6 7. Bh4 dxc4 8. Qxc4 Qb6 9. Rb1 Bb4 10. e3 O-O 11. Bd3 Qa5 12. O-O Nd5 13. Ne2 N7b6 14. Qb3 Qa4 15. Qxa4 Nxa4 16. Rfc1 Bd6 17. a3 Bd7 18. e4 Nf4 19. Nxf4 Bxf4 20. Rc2 Bd6 21. b3 Nb6 22. a4 Bb4 23. Ne5 Rac8 24. Ra1 a5 25. f3 Be8 26. Bf2 Nd7 27. Nc4 b5 28. axb5 cxb5 29. Nxa5 Ra8 30. Rca2 Bc3 31. Nc6 Rxa2 32.
Rxa2 Nb6 33. Bxb5 Bxc6 34. Bxc6 Rc8 35. d5 exd5 36. exd5 1-0

[Event "Early-Titled-Tuesday-Blitz-September-12-2023"]
[Site "Chess.com"]
[Date "2023.09.12"]
[Round "1"]
[White "Nekoo04"]
[Black "Mikhail_Golubev"]
[Result "0-1"]
[WhiteElo "2274"]
[BlackElo "2590"]
[TimeControl "180+1"]
[EndTime "8:06:00 PDT"]
[Termination "Mikhail_Golubev won on time"]

1. d4 Nf6 2. c4 g6 3. Nc3 Bg7 4.
e4 d6 5. Be2 O-O 6. Nf3 e5 7. d5 Qe8 8. Bg5 Nh5 9. g3 f5 10. exf5 gxf5 11. O-O Nf6 12. Nh4 Na6 13. Be3 f4 14. gxf4 exf4 15. Bd4 Bh3 16. Re1 Qd7 17. Bf3 Ng4 18. Bxg7 Qxg7 19. Bxg4 Bxg4 20. Qd3 Bf5+ 0-1

[Event "Early-Titled-Tuesday-Blitz-September-12-2023"]
[Site "Chess.com"]
[Date "2023.09.12"]
[Round "1"]
[White "FabianoCaruana"]
[Black "ChessTankMan"]
[Result "1-0"]
[WhiteElo "3063"]
[BlackElo "2532"]
[TimeControl "180+1"]
[EndTime "8:06:01 PDT"]
[Termination "FabianoCaruana won by checkmate"]

1. c4 e6 2. g3 d5 3. Bg2 Nf6 4. Nf3 c6 5. O-O Be7 6. b3 O-O 7. Bb2 Nbd7 8. d3 b6 9. Nbd2 Bb7 10. e4 dxe4 11. dxe4 c5 12. Qe2 Ne8 13. e5 Nc7 14.
Ne4 Na6 15. Rad1 Qc7 16. h4 Nb4 17. Nfg5 h6 18. f4 hxg5 19. hxg5 Bxe4 20. Bxe4 g6 21. Qh2 Rad8 22. Kg2 Nxe5 23. Bxe5 Bd6 24. Qh8# 1-0

[Event "Early-Titled-Tuesday-Blitz-September-12-2023"]
[Site "Chess.com"]
[Date "2023.09.12"]
[Round "1"]
[White "larsmandreassen"]
[Black "Grandmaster1369"]
[Result "0-1"]
[WhiteElo "2211"]
[BlackElo "2566"]
[TimeControl "180+1"]
[EndTime "8:06:01 PDT"]
[Termination "Grandmaster1369 won by resignation"]

1. d4 Nf6 2. Nf3 e6 3. Bg5 h6 4. Bh4 c5 5. e3 d5 6. c3 Bd6 7.
Bd3 Nbd7 8. O-O O-O 9. Nbd2 b6 10. Re1 Bb7 11. Qe2 Qc7 12. Rac1 Ne4 13. a4 c4 14. Bc2 f5 15. Bg3 a6 16. Ra1 b5 17. axb5 axb5 18. Bxd6 Qxd6 19. g3 b4 20. Bxe4 fxe4 21. Nh4 bxc3 22. bxc3 Ra3 23. Rxa3 Qxa3 24.
Nb1 Qb3 25. Ng6 Rf6 26. Nf4 Bc6 27. Qg4 Nf8 28. Nh5 Rg6 29. Qh4 Rg5 30. Nf4 Qc2 31. Qh3 Bd7 32. Qf1 Rf5 33. h4 g5 34. hxg5 hxg5 35.
Rc1 Qb2 36. Nh5 Be8 37. g4 Rf3 38. Ng3 Ng6 39. Rd1 Nh4 40. Nd2 Rf8 41. Kh1 Ba4 42.
Ra1 Qxd2 43. Rxa4 Rxf2 44. Ra8+ Kh7 45. Ra7+ Kg6 46. Qg1 Nf3 0-1

[Event "Early-Titled-Tuesday-Blitz-September-12-2023"]
[Site "Chess.com"]
[Date "2023.09.12"]
[Round "1"]
[White "ozates"]
[Black "FMStan15"]
[Result "1-0"]
[WhiteElo "2548"]
[BlackElo "2054"]
[TimeControl "180+1"]
[EndTime "8:06:02 PDT"]
[Termination "ozates won by resignation"]

1. e4 e6 2. d4 d5 3. Nd2 c5 4. exd5 exd5 5. Ngf3 cxd4 6. Nxd4 Nc6 7. Bb5 Bd7 8. N2f3 Bd6 9. O-O Nge7 10. Bg5 f6 11.
Bh4 O-O 12. Bg3 Bxg3 13. hxg3 a6 14. Ba4 b5 15. Bb3 Na5 16. Re1 Nxb3 17. axb3 Nc6 18. c3 Re8 19. b4 Rxe1+ 20. Qxe1 Qc7 21. Nb3 Qd6 22. Qd2 Ne5 23. Nxe5 fxe5 24. Rd1 Bc6 25.
Qe3 Rd8 26. Qb6 Ba8 27. Qxd6 Rxd6 28. Nc5 d4 29. f3 Kf7 30. Kf2 Ke7 31. Ke2 Bd5 32.
cxd4 Bc4+ 33. Ke3 g5 34. Rd2 exd4+ 35. Rxd4 Rc6 36. Rd7+ Kf6 37. Rxh7 Kg6 38. Ra7 Kh5 39. Rxa6 1-0

[Event "Early-Titled-Tuesday-Blitz-September-12-2023"]
[Site "Chess.com"]
[Date "2023.09.12"]
[Round "1"]
[White "Redzishchess"]
[Black "fireheart92"]
[Result "0-1"]
[WhiteElo "2514"]
[BlackElo "2962"]
[TimeControl "180+1"]
[EndTime "8:06:04 PDT"]
[Termination "fireheart92 won by checkmate"]

1. d4 e6 2. Nc3 d5 3. Bf4 Bb4 4. e3 Nf6 5. Bd3 c5 6. a3 Bxc3+ 7. bxc3 c4 8. Be2 Qa5 9. f3 Qxc3+ 10. Kf2 Nc6 11.
Nh3 O-O 12. Qb1 Re8 13. Rd1 e5 14. dxe5 Nxe5 15. Qb4 Qxc2 16. Rac1 Qg6 17. Bxe5 Rxe5 18. Nf4 Qg5 19. Qb5 h6 20. Bxc4 dxc4 21. Rd8+ Kh7 22.
Qxc4 Be6 23. Nxe6 Qxe3+ 24. Kf1 Rxd8 25. Nxd8 b6 26. Qc2+ g6 27. Qb2 Qd3+ 28. Kg1 Re2 29.
Qxf6 Qe3+ 30. Kf1 Qf2# 0-1

[Event "Early-Titled-Tuesday-Blitz-September-12-2023"]
[Site "Chess.com"]
[Date "2023.09.12"]
[Round "1"]
[White "Flaccidmoves"]
[Black "gmcorrales"]
[Result "0-1"]
[WhiteElo "2481"]
[BlackElo "2852"]
[TimeControl "180+1"]
[EndTime "8:06:05 PDT"]
[Termination "gmcorrales won by resignation"]

1. c4 c5 2. g3 Nc6 3. Bg2 g6 4. Nc3 Bg7 5. Nf3 e6 6. O-O Nge7 7. d3 O-O 8. Bd2 d6 9. Rb1 b6 10. a3 Bb7 11. b4 Qd7 12. b5 Nd4 13. Nxd4 cxd4 14. Na2 Bxg2 15. Kxg2 Rac8 16. Nb4 d5 17. cxd5 Nxd5 18. Nxd5 Qxd5+ 19. Kg1 Rc7 20. Qa4 Rfc8 21. Rfc1 Qa2 22. Qd1 Qxa3 23. Bf4 Rc3 24. Bd2 Rxc1 25. Rxc1 Rxc1 26. Qxc1 Qxc1+ 27. Bxc1 Kf8 28. Ba3+ Ke8 29. Bd6 Kd7 30. Bb4 Be5 31. Kg2 Bd6 32. Bd2 f5 33. h3 e5 34. g4 Ke6 35. Kf3 Kd5 36. e4+ dxe3 37. fxe3 Kc5 38. gxf5 gxf5 39. e4 fxe4+ 40. Kxe4 Kxb5 41. Kf5 a5 42. Ke6 Kc6 43. Kf7 a4 44. Bc3 Kd5 45. Kg7 a3 46. Kxh7 a2 47. h4 Bc5 0-1

[Event "Early-Titled-Tuesday-Blitz-September-12-2023"]
[Site "Chess.com"]
[Date "2023.09.12"]
[Round "1"]
[White "Witik"]
[Black "Tsyhanchuk_Stanislav"]
[Result "1-0"]
[WhiteElo "2746"]
[BlackElo "2420"]
[TimeControl "180+1"]
[EndTime "8:06:06 PDT"]
[Termination "Witik won by resignation"]

1. d4 Nf6 2. c4 e6 3. g3 d5 4. Nf3 dxc4 5. Bg2 Nc6 6. O-O Rb8 7. Nc3 b5 8. e4 Bb7 9. d5 exd5 10. exd5 Ne7 11.
Re1 Bxd5 12. Bg5 Be6 13. Nd4 Qd7 14. Bxf6 gxf6 15. Ne4 Nd5 16. Qh5 Kd8 17. Rad1 Bd6 18. Nxd6 Qxd6 19. Nxe6+ fxe6 20. Bxd5 exd5 21. Rxd5 Rb6 1-0

[Event "Early-Titled-Tuesday-Blitz-September-12-2023"]
[Site "Chess.com"]
[Date "2023.09.12"]
[Round "1"]
[White "FeketeBarika"]
[Black "enestnrvrd"]
[Result "0-1"]
[WhiteElo "2391"]
[BlackElo "2696"]
[TimeControl "180+1"]
[EndTime "8:06:06 PDT"]
[Termination "enestnrvrd won on time"]

1. Nf3 Nf6 2. g3 e6 3. Bg2 b6 4. d4 Bb7 5. O-O Be7 6. c4 O-O 7. Nc3 Ne4 8. Nxe4 Bxe4 9. b3 f5 10. Bb2 Bf6 11. Ne5 Bxg2 12. Kxg2 d6 13. Nf3 Nd7 14.
Qd2 Qe7 15. Rad1 g5 16. e3 g4 17. Ng1 Bg7 18. Rde1 Nf6 19. f3 gxf3+ 20. Nxf3 Ne4 21. Qc2 Bf6 22. d5 Bxb2 23. Qxb2 e5 24. Nd2 Nc5 25. Qc3 e4 26. Re2 Nd3 27. Rd1 Rf6 28.
Nf1 Raf8 29. a3 Ne5 30. Nd2 h5 31. Kh1 Rg6 32. Rf1 h4 33. Rg2 hxg3 34. Rxg3 Rxg3 35. hxg3 Qg5 36. Kg2 Ng4 0-1

[Event "Early-Titled-Tuesday-Blitz-September-12-2023"]
[Site "Chess.com"]
[Date "2023.09.12"]
[Round "1"]
[White "LUISMIGUELOV"]
[Black "ErikRonka"]
[Result "0-1"]
[WhiteElo "2091"]
[BlackElo "2549"]
[TimeControl "180+1"]
[EndTime "8:06:06 PDT"]
[Termination "ErikRonka won by resignation"]

1. e4 c5 2. d4 cxd4 3. c3 Nf6 4. e5 Nd5 5. cxd4 d6 6. Nf3 e6 7. Bc4 Be7 8. exd6 Bxd6 9. Nc3 Nxc3 10. bxc3 Qc7 11.
Qd3 b6 12. O-O Bb7 13. Bb3 Nd7 14. Bb2 O-O 15. h3 e5 16. Ng5 Nf6 17. dxe5 Bxe5 18.
f4 Bxf4 19. Bc1 Bxc1 20. Rxf6 Bxg5 21. Rxf7 Rxf7 22. Rf1 Rf8 23. Qf5 Bf6 24. g4 Qc5+ 25. Qxc5 bxc5 26. Rf5 Bxc3 27. Rxc5 Bd4+ 0-1

[Event "Early-Titled-Tuesday-Blitz-September-12-2023"]
[Site "Chess.com"]
[Date "2023.09.12"]
[Round "1"]
[White "bascheyaro"]
[Black "amylazy"]
[Result "1-0"]
[WhiteElo "2815"]
[BlackElo "2462"]
[TimeControl "180+1"]
[EndTime "8:06:07 PDT"]
[Termination "bascheyaro won by resignation"]

1. d4 Nf6 2. Nf3 g6 3. Bf4 Bg7 4. e3 O-O 5. h3 d6 6. Be2 b6 7. O-O Bb7 8. a4 Nbd7 9. a5 a6 10. axb6 Nxb6 11. c4 Ne4 12. Qc2 Nf6 13. Nc3 Re8 14.
Rfd1 Qc8 15. b4 Nbd7 16. Bg3 Rb8 17. Rdb1 e5 18. dxe5 Nxe5 19. Nxe5 dxe5 20. c5 Qe6 21. Qa4 Ne4 22. Nxe4 Bxe4 23. Rc1 Ra8 24. Bxa6 Qd5 25.
Rd1 Qe6 26. Qd7 Qxd7 27. Rxd7 c6 28. Ra5 Bd5 29. Bb7 Rab8 30. b5 Be6 31. bxc6 Bxd7 32. cxd7 Red8 33. c6 1-0

[Event "Early-Titled-Tuesday-Blitz-September-12-2023"]
[Site "Chess.com"]
[Date "2023.09.12"]
[Round "1"]
[White "andrzej"]
[Black "Itk04"]
[Result "0-1"]
[WhiteElo "2417"]
[BlackElo "2736"]
[TimeControl "180+1"]
[EndTime "8:06:08 PDT"]
[Termination "Itk04 won on time"]

1. e4 e6 2. d4 d5 3. Nc3 Bb4 4. e5 c5 5. a3 Bxc3+ 6. bxc3 Qa5 7. Bd2 Qa4 8. Qg4 Kf8 9. Kd1 Nc6 10. Nf3 Nge7 11. Bd3 b6 12. h4 h6 13. Rh3 Ba6 14.
Rg3 g6 15. Bxa6 Qxa6 16. h5 g5 17. Nxg5 hxg5 18. Qxg5 Ke8 19. Qf6 Rxh5 20. Rg7 Rf5 21. Qh4 Kd7 22. Qh7 Rxf2 23. Be1 Qe2+ 24. Kc1 Qxe1+ 25.
Kb2 Qe4 26. Qxe4 dxe4 27. dxc5 bxc5 28. Rd1+ Kc7 0-1

[Event "Early-Titled-Tuesday-Blitz-September-12-2023"]
[Site "Chess.com"]
[Date "2023.09.12"]
[Round "1"]
[White "ivana_999"]
[Black "HATilay"]
[Result "0-1"]
[WhiteElo "2039"]
[BlackElo "2547"]
[TimeControl "180+1"]
[EndTime "8:06:08 PDT"]
[Termination "HATilay won by checkmate"]

1. d4 Nf6 2. c4 e6 3. Nc3 Bb4 4. a3 Bxc3+ 5. bxc3 O-O 6. f3 c5 7. e4 Nc6 8. Bg5 h6 9. Bh4 cxd4 10. cxd4 Qa5+ 11. Kf2 Qc3 12. Bxf6 gxf6 13. Ne2 Qxc4 14.
h4 Kh7 15. g4 d5 16. g5 dxe4 17. gxf6 e5 18. d5 e3+ 19. Kg3 Rg8+ 20. Kh2 Qxh4+ 21. Bh3 Qxh3# 0-1

[Event "Early-Titled-Tuesday-Blitz-September-12-2023"]
[Site "Chess.com"]
[Date "2023.09.12"]
[Round "1"]
[White "bescmelasti"]
[Black "Pumpkin_in_moonlight"]
[Result "1-0"]
[WhiteElo "2625"]
[BlackElo "2302"]
[TimeControl "180+1"]
[EndTime "8:06:11 PDT"]
[Termination "bescmelasti won on time"]

1. e4 c5 2. Nf3 a6 3. c3 e6 4. d4 d5 5. e5 Nc6 6. a3 Nge7 7. dxc5 Ng6 8. b4 Ngxe5 9. Nbd2 Be7 10. Bb2 O-O 11.
c4 Nxf3+ 12. Nxf3 Bf6 13. Qc2 Bxb2 14. Qxb2 e5 15. cxd5 Qxd5 16. Rd1 Qe4+ 17. Be2 a5 18. b5 Nd4 19. Nxd4 exd4 20. O-O Rd8 21. Rfe1 Qg6 22.
Rxd4 Bh3 23. Bf3 Rxd4 24. Qxd4 Rb8 25. Qe5 Rf8 26. Bxb7 Kh8 27. Qg3 Qxg3 28. hxg3 Be6 29. c6 1-0

[Event "Early-Titled-Tuesday-Blitz-September-12-2023"]
[Site "Chess.com"]
[Date "2023.09.12"]
[Round "1"]
[White "DonJuanEGenaro"]
[Black "Semetey"]
[Result "1-0"]
[WhiteElo "1960"]
[BlackElo "2523"]
[TimeControl "180+1"]
[EndTime "8:06:11 PDT"]
[Termination "DonJuanEGenaro won by resignation"]

1. d4 d5 2. Nf3 Nf6 3. c4 c6 4.
cxd5 cxd5 5. Nc3 Nc6 6. Bf4 a6 7.
a3 Bf5 8. e3 e6 9. Be2 Bd6 10.
Bxd6 Qxd6 11. O-O O-O 12. b4 b5 13. Qb3 Nd7 14. a4 Nxb4 15. axb5 a5 16. Rfc1 Rfc8 17.
Na4 Bc2 18. Qb2 Bd3 19. Rxc8+ Rxc8 20. Bxd3 Nxd3 21. Qd2 Nb4 22. Rc1 Rb8 23. Nc5 Rxb5 24. Nxd7 Qxd7 25. Ne5 Qd8 26. Qc3 f6 27. Qc8 Rb8 28.
Qxe6+ Kh8 29. Nf7+ 1-0

[Event "Early-Titled-Tuesday-Blitz-September-12-2023"]
[Site "Chess.com"]
[Date "2023.09.12"]
[Round "1"]
[White "Gauravthegm"]
[Black "GMAkobianSTL"]
[Result "0-1"]
[WhiteElo "2408"]
[BlackElo "2725"]
[TimeControl "180+1"]
[EndTime "8:06:13 PDT"]
[Termination "GMAkobianSTL won by checkmate"]

1. e4 d6 2. d4 Nf6 3. Nc3 c6 4. Nf3 Bg4 5. h3 Bh5 6. Be2 e6 7. O-O d5 8. e5 Nfd7 9. Ne1 Bg6 10. f4 c5 11. Be3 cxd4 12. Bxd4 Nc6 13. Bf2 Bc5 14.
Bxc5 Nxc5 15. Nb5 O-O 16. Nd6 Ne4 17. Nxe4 Bxe4 18. Bd3 Qb6+ 19. Kh2 Qxb2 20. Rb1 Qxa2 21.
Rxb7 Bxd3 22. Nxd3 Rab8 23. Rxb8 Rxb8 24. f5 exf5 25.
Rxf5 d4 26. Qf3 Rc8 27. Nc5 g6 28. Qg4 Ne7 29. e6 Nxf5 30. exf7+ Qxf7 31. Ne4 Rxc2 32. Qg5 Qc7+ 33. Kg1 Rc1+ 34. Kf2 Qc2+ 35. Kf3 Rf1+ 36. Kg4 Qxe4+ 37. Qf4 Qxf4# 0-1

[Event "Early-Titled-Tuesday-Blitz-September-12-2023"]
[Site "Chess.com"]
[Date "2023.09.12"]
[Round "1"]
[White "MFatigue"]
[Black "lolo9292"]
[Result "1/2-1/2"]
[WhiteElo "2550"]
[BlackElo "2181"]
[TimeControl "180+1"]
[EndTime "8:06:13 PDT"]
[Termination "Game drawn by agreement"]

1. e4 e5 2. Nf3 Nc6 3. d4 exd4 4. Bc4 Nf6 5. O-O Nxe4 6. Re1 d5 7. Bxd5 Qxd5 8.
Nc3 Qa5 9. Nxe4 Be6 10. Neg5 O-O-O 11. Nxe6 fxe6 12. Rxe6 Be7 13. Ne5 Nxe5 14. Rxe7 Rhe8 15. Rxe8 Rxe8 16. Bd2 Qb6 17. Qh5 Qg6 18. Qh3+ Kb8 19. Re1 Qxc2 20. Bb4 a5 21. Bxa5 d3 22. Qh5 Rf8 23.
h3 Qxf2+ 24. Kh1 Nc6 25. Bc3 d2 26. Rd1 1/2-1/2

[Event "Early-Titled-Tuesday-Blitz-September-12-2023"]
[Site "Chess.com"]
[Date "2023.09.12"]
[Round "1"]
[White "sergoy"]
[Black "zverr1"]
[Result "1-0"]
[WhiteElo "2930"]
[BlackElo "2511"]
[TimeControl "180+1"]
[EndTime "8:06:15 PDT"]
[Termination "sergoy won by checkmate"]

1. d4 Nf6 2. c4 g6 3. Nf3 Bg7 4. g3 O-O 5. Bg2 c6 6. O-O d5 7. Nc3 dxc4 8. e4 Bg4 9. Be3 e5 10. dxe5 Nfd7 11. e6 Bxe6 12. Ng5 Qe7 13. f4 Nc5 14.
Kh1 Nd3 15. f5 Bxf5 16. Rxf5 gxf5 17. Qh5 h6 18. Nf3 fxe4 19. Nh4 f5 20. Nxf5 Qf7 21.
Nxh6+ Bxh6 22. Qxh6 Nd7 23. Nxe4 Qg7 24. Qe6+ Kh8 25. Bh6 Qxb2 26. Rg1 Rae8 27. Qh3 Rxe4 28. Be3+ Kg8 29. Bxe4 Nf2+ 30. Bxf2 Qxf2 31. Qh7# 1-0

[Event "Early-Titled-Tuesday-Blitz-September-12-2023"]
[Site "Chess.com"]
[Date "2023.09.12"]
[Round "1"]
[White "ferrufino64"]
[Black "MokshAD1603"]
[Result "0-1"]
[WhiteElo "2262"]
[BlackElo "2582"]
[TimeControl "180+1"]
[EndTime "8:06:15 PDT"]
[Termination "MokshAD1603 won by resignation"]

1. e4 c5 2. Nf3 e6 3. d4 cxd4 4.
Nxd4 Nc6 5. a3 Nf6 6. Nc3 d5 7. Bb5 Bd7 8. exd5 exd5 9. O-O Be7 10. Bg5 O-O 11. Re1 h6 12. Bh4 Re8 13. Nf3 a6 14. Bd3 Be6 15. Ne2 Qb6 16. Rb1 Ne4 17.
Bg3 Rad8 18. c3 Bc5 19. Rf1 Bg4 20. Nf4 Ne5 21. Be2 Bxf3 22. Bxf3 Nxf3+ 23. Qxf3 Nd2 24. Qg4 Nxb1 25. Rxb1 Qxb2 26. Rf1 Qxc3 27. Nh5 Qd4 28. Qh3 Re2 29. Nf4 Rd2 30. Qf5 Rd1 31. Bh4 Rxf1+ 0-1

[Event "Early-Titled-Tuesday-Blitz-September-12-2023"]
[Site "Chess.com"]
[Date "2023.09.12"]
[Round "1"]
[White "Rikikits"]
[Black "Ducke13"]
[Result "1-0"]
[WhiteElo "2853"]
[BlackElo "2481"]
[TimeControl "180+1"]
[EndTime "8:06:17 PDT"]
[Termination "Rikikits won on time"]

1. d4 Nf6 2. Nf3 g6 3. Bg5 Bg7 4. Nbd2 c5 5. dxc5 Na6 6. e4 Nxc5 7. Bd3 d6 8. O-O O-O 9. Re1 Be6 10. h3 Nxd3 11. cxd3 Qa5 12. d4 Rfc8 13. d5 Bd7 14.
Qb3 Qa6 15. e5 dxe5 16. Nxe5 Ba4 17. Qf3 Rc2 18. Ne4 Be8 19. Rad1 Rd8 20. b4 Qxa2 21. Nxf6+ exf6 22. Bxf6 Bxf6 23. Qxf6 Ra8 24. d6 Qe6 25.
Ng4 Qxf6 26. Nxf6+ Kg7 27. Nxe8+ Kf8 28. d7 Rd8 29.
Nf6 1-0

[Event "Early-Titled-Tuesday-Blitz-September-12-2023"]
[Site "Chess.com"]
[Date "2023.09.12"]
[Round "1"]
[White "Korchmar_Vasiliy"]
[Black "sebastianmarinp"]
[Result "1-0"]
[WhiteElo "2702"]
[BlackElo "2396"]
[TimeControl "180+1"]
[EndTime "8:06:17 PDT"]
[Termination "Korchmar_Vasiliy won on time"]

1. e4 e6 2. d4 d5 3. e5 c5 4. c3 Qb6 5. Nf3 Nc6 6. Be2 cxd4 7. cxd4 Nh6 8. Bxh6 Qxb2 9. Nbd2 gxh6 10. Rb1 Qc3 11. O-O Rg8 12. Re1 a6 13. Nf1 Rg4 14. h3 Rxd4 15.
Nxd4 Qxd4 16. Qc2 Bc5 17. Ne3 Be7 18. Qxh7 Qxe5 19. Qxh6 Bd6 20. Ng4 Qf4 21. Qh8+ Ke7 22. g3 Qa4 23. Bf3 Nd4 24. Bxd5 Bd7 25. Qxa8 Bxg3 26.
fxg3 Nf5 27. Qa7 Nxg3 28. Qc5+ Ke8 29. Rxb7 Ne2+ 30. Rxe2 Qd1+ 31. Kf2 1-0

[Event "Early-Titled-Tuesday-Blitz-September-12-2023"]
[Site "Chess.com"]
[Date "2023.09.12"]
[Round "1"]
[White "Sammed_Shete"]
[Black "MaxLeto"]
[Result "1-0"]
[WhiteElo "2686"]
[BlackElo "2381"]
[TimeControl "180+1"]
[EndTime "8:06:17 PDT"]
[Termination "Sammed_Shete won by checkmate"]

1. d4 h5 2. e4 h4 3. Nc3 d6 4. h3 Nc6 5. Nf3 e5 6. dxe5 Nxe5 7. Be2 Be7 8. Nd5 c6 9. Nxe7 Qxe7 10. Be3 Nf6 11.
Qd4 Nxf3+ 12. Bxf3 Qe5 13. O-O-O Qxd4 14. Rxd4 Ke7 15.
Rhd1 Ne8 16. Bg5+ f6 17. Bf4 Be6 18. Bxd6+ Nxd6 19. Rxd6 a5 20. Bg4 Bxg4 21. hxg4 Rad8 22. Rxd8 Rxd8 23. Rxd8 Kxd8 24. Kd2 Kd7 25. f4 g5 26. Ke3 Kd6 27. e5+ fxe5 28. fxg5 Ke6 29. Ke4 b5 30. c3 a4 31. b4 a3 32. Kd3 Kd5 33. Ke3 Kd6 34. g6 Ke6 35. g5 Ke7 36. Ke4 Ke6 37.
Kf3 Kf5 38. g7 e4+ 39. Ke3 c5 40.
g8=Q c4 41. Qg7 h3 42. gxh3 Ke6 43. Qf6+ Kd5 44. Qf5+ Kc6 45. g6 Kb6 46. g7 Ka7 47.
g8=Q Kb7 48. Qd7+ Ka6 49. Qge6# 1-0

[Event "Early-Titled-Tuesday-Blitz-September-12-2023"]
[Site "Chess.com"]
[Date "2023.09.12"]
[Round "1"]
[White "rikchessmx"]
[Black "Vesper2018"]
[Result "0-1"]
[WhiteElo "2293"]
[BlackElo "2597"]
[TimeControl "180+1"]
[EndTime "8:06:18 PDT"]
[Termination "Vesper2018 won by checkmate"]

1. e4 c5 2. Nf3 d6 3. d4 cxd4 4. Nxd4 Nf6 5. Nc3 a6 6. f4 e5 7. Nf3 Nbd7 8. Bd3 Be7 9. O-O O-O 10. Kh1 b5 11. a3 Bb7 12. Qe1 Qc7 13. fxe5 dxe5 14. Bg5 h6 15. Be3 Bc5 16. Nh4 Bxe3 17.
Qxe3 Qb6 18. Qg3 Nh5 19. Qf3 Ndf6 20. Nf5 Bc8 21. Ne7+ Kh8 22. Ncd5 Nxd5 23. Nxd5 Qg6 24. h3 Ng3+ 25. Kh2 Nxf1+ 26. Rxf1 Be6 27. Nc7 Rac8 28. Nxe6 Qxe6 29. Qf5 Qxf5 30. Rxf5 f6 31. g4 Rc5 32. Kg3 a5 33. h4 g6 34. Rf3 b4 35.
axb4 axb4 36. b3 Ra5 37. g5 hxg5 38. hxg5 Kg7 39. gxf6+ Rxf6 40. Re3 Ra1 41. Re2 Rg1+ 42. Kh2 Rg5 43. Kh3 Rf1 44. Kh2 Rf4 45. Kh3 Kh6 46. Re1 Kh5 47. Ra1 Rh4# 0-1

[Event "Early-Titled-Tuesday-Blitz-September-12-2023"]
[Site "Chess.com"]
[Date "2023.09.12"]
[Round "1"]
[White "cukin84"]
[Black "ayanakhmetov"]
[Result "0-1"]
[WhiteElo "2224"]
[BlackElo "2571"]
[TimeControl "180+1"]
[EndTime "8:06:18 PDT"]
[Termination "ayanakhmetov won by resignation"]

1. e4 e6 2. d4 d5 3. exd5 exd5 4. Nc3 c6 5. Bd3 Bd6 6. Nge2 Ne7 7. O-O O-O 8. Bf4 Bf5 9. Bxd6 Qxd6 10. Ng3 Bg6 11.
Nce2 Nd7 12. c3 Nf6 13. Qc2 a5 14. Rae1 a4 15. a3 b5 16. Nf5 Nxf5 17. Bxf5 Rfe8 18. Ng3 Nd7 19. Qd2 Nb6 20. Qg5 Nc4 21. h4 f6 22. Qc1 Rxe1 23. Rxe1 Re8 24. h5 Bf7 25. Rxe8+ Bxe8 26. Qe1 Bf7 27. Bd3 Nxb2 28. Bxh7+ Kxh7 29. Qb1+ Kg8 30. Qxb2 Qf4 31. Qe2 Qc1+ 32. Kh2 Qxa3 33.
Qe3 Qd6 34. f4 Qa3 35. h6 g6 36. Ne2 Qf8 37. Qh3 a3 38. h7+ Kh8 39. Qh4 a2 40.
Qxf6+ Kxh7 41. f5 Qg7 42. Qg5 Qh6+ 0-1

[Event "Early-Titled-Tuesday-Blitz-September-12-2023"]
[Site "Chess.com"]
[Date "2023.09.12"]
[Round "1"]
[White "Polish_fighter3000"]
[Black "DishonorOnYourCow"]
[Result "1-0"]
[WhiteElo "3062"]
[BlackElo "2529"]
[TimeControl "180+1"]
[EndTime "8:06:19 PDT"]
[Termination "Polish_fighter3000 won on time"]

1. e4 c5 2. f4 d6 3. Be2 Nc6 4. c3 e5 5. d3 g6 6. Nf3 Bg7 7. O-O Nge7 8. a4 O-O 9. Na3 b6 10. Nc4 exf4 11. Bxf4 d5 12. Nd6 Ba6 13. Rb1 Nc8 14. exd5 Nxd6 15. dxc6 Nf5 16. b4 cxb4 17. cxb4 b5 18. d4 Nxd4 19. Nxd4 Qxd4+ 20. Qxd4 Bxd4+ 21. Kh1 Bc8 22. axb5 Bf5 23. Rbd1 Bc3 24. Bd6 Rfe8 25. Bf3 Bc2 26. Bd5 Bxd1 27. Bxf7+ Kg7 28.
Bxe8 Be2 29. Rf7+ Kh6 30. Bd7 Bxb5 31. h4 g5 32. Bf5 Bg7 33. Be5 Rg8 34. c7 Ba6 35. g4 1-0

[Event "Early-Titled-Tuesday-Blitz-September-12-2023"]
[Site "Chess.com"]
[Date "2023.09.12"]
[Round "1"]
[White "BigAl"]
[Black "younix2022"]
[Result "1-0"]
[WhiteElo "2546"]
[BlackElo "2010"]
[TimeControl "180+1"]
[EndTime "8:06:20 PDT"]
[Termination "BigAl won by resignation"]

1. Nf3 Nf6 2. g3 g6 3. Bg2 Bg7 4. O-O O-O 5. d3 c5 6. e4 d6 7. e5 dxe5 8. Nxe5 Nbd7 9. Nc4 Qc7 10. Nc3 a6 11. a4 e5 12. Re1 Re8 13. a5 Rb8 14. f4 b5 15. axb6 Nxb6 16. Nxe5 Ng4 17. Nxg4 Rxe1+ 18. Qxe1 Bxg4 19. Rxa6 Bd4+ 20. Kh1 Bh3 21.
Qe4 Bxg2+ 22. Kxg2 Rd8 23. f5 Kg7 24. Bf4 1-0